 Dungeon Crawl Stone Soup version 0.27.0-1-g7a089689b8 (webtiles) character file.

Game seed: 8794475349885886409

134 ZombieSheep the Skirmisher (level 4, -4/37 HPs)
             Began as a Demonspawn Monk on Aug 1, 2021.
             Slain by a gnoll (8 damage)
             ... on level 2 of the Dungeon.
             The game lasted 00:03:28 (2148 turns).

ZombieSheep the Skirmisher (Demonspawn Monk)        Turns: 2148, Time: 00:03:28

Health: -4/37      AC:  7    Str: 12    XL:     4   Next: 95%
Magic:  4/4        EV: 10    Int: 12    God:
Gold:   80         SH:  0    Dex: 15    Spells: 3/3 levels left

rFire    . . .     SeeInvis .   a - +0 spear
rCold    . . .     Faith    .   (no shield)
rNeg     . . .     Spirit   .   e - +0 scale mail
rPois    .         Reflect  .   (no helmet)
rElec    .         Harm     .   (no cloak)
rCorr    .         Rampage  .   c - +0 pair of gloves
Will     .....                  (no boots)
Stlth    +.........             (no amulet)
HPRegen  0.12/turn              (no ring)
MPRegen  0.09/turn              (no ring)

@: no status effects
A: demonic magic 1
a: no special abilities


You were on level 2 of the Dungeon.
You visited 1 branch of the dungeon, and saw 2 of its levels.

You collected 80 gold pieces.

Inventory:

Hand Weapons
 a - a +0 spear (weapon)
Armour
 c - a +0 pair of gloves (worn)
 e - a +0 scale mail (worn)
Scrolls
 b - a scroll of identify {unknown}
 d - a scroll of enchant armour {unknown}
 g - 2 scrolls of immolation {unknown}
Potions
 f - a potion of degeneration {unknown}
 h - a potion of lignification {unknown}


   Skills:
 + Level 3.8 Fighting
 + Level 3.4 Polearms
 + Level 1.8 Armour
 + Level 3.4 Dodging
 - Level 1.7 Stealth


You had 3 spell levels left.
You didn't know any spells.
Your spell library contained the following spells:

 Spells                   Type           Power      Damage    Failure   Level
 Shock                    Conj/Air       0%         1d3       86%         1


Dungeon Overview and Level Annotations

Branches:
Dungeon (2/15)

Altars:


Innate Abilities, Weirdness & Mutations

Spells you cast may paralyse adjacent enemies.


Message History

You kill the gnoll!
You hit the gnoll.
The gnoll is severely wounded.
The gnoll hits you with a +0 club.
You closely miss the gnoll.
The gnoll is severely wounded.
The gnoll hits you with a +0 club.
You hit the gnoll.
The gnoll is almost dead.
The gnoll hits you with a +0 club.
You are too injured to fight recklessly!
You are too injured to fight recklessly!
You hit the gnoll but do no damage.
The gnoll is almost dead.
The gnoll hits you with a +0 club.
* * * LOW HITPOINT WARNING * * *
You hit the gnoll.
You kill the gnoll!
Your scale mail prevents you from hitting the gnoll.
The gnoll completely misses you.
You hit the gnoll.
The gnoll is moderately wounded.
The gnoll hits you with a +0 flail.
* * * LOW HITPOINT WARNING * * *
You closely miss the gnoll.
The gnoll is moderately wounded.
The gnoll barely misses you.
Your scale mail prevents you from hitting the gnoll.
The gnoll is moderately wounded.
The gnoll hits you with a +0 flail.
* * * LOW HITPOINT WARNING * * *
You closely miss the gnoll.
The gnoll is moderately wounded.
You closely miss the gnoll.
The gnoll is moderately wounded.
The gnoll hits you but does no damage.
You barely miss the gnoll.
The gnoll is moderately wounded.
The gnoll hits you with a +0 flail!
You die...

.....................
...#..##.###....... #.#..##.#
#....... #.......# #.......
####.#### ########
#[###########..
..########.##...........
........##....########..
############@####### #..
#####...#.††...#g# #..
...##...#.####.#)## ###
##......>.#.gg..).#
............##.#..#
..........####.#..## ##########
...##...#>.....#...## ##.........
........########..#.###...#####..
.....####........###.....#P....#.


You could see a gnoll.

Vanquished Creatures
  7 gnolls (D:2)
  An adder (D:2)
  2 worms (D:2)
  5 dart slugs
  A ball python (D:1)
  5 bats
  4 endoplasms (D:1)
  6 goblins
  3 hobgoblins (D:1)
  2 quokkas (D:1)
  2 frilled lizards (D:1)
  3 kobolds
  3 rats
44 creatures vanquished.

Vanquished Creatures (others)
  A fungus (D:2)
  5 plants
6 creatures vanquished.

Grand Total: 50 creatures vanquished

Notes
Turn   | Place    | Note
-------+----------+-------------------------------------------
     0 | D:1      | ZombieSheep the Demonspawn Monk began the quest for the
                  | Orb.
     0 | D:1      | Reached XP level 1. HP: 18/18 MP: 1/1
   212 | D:1      | Gained mutation: Spells you cast may paralyse adjacent
                  | enemies. [demonic ancestry]
   212 | D:1      | Reached XP level 2. HP: 24/24 MP: 2/2
  1023 | D:1      | Reached skill level 1 in Armour
  1211 | D:1      | Reached XP level 3. HP: 29/29 MP: 3/3
  1594 | D:2      | Reached XP level 4. HP: 23/36 MP: 4/4
  1893 | D:2      | Found a faded altar of an unknown god.
  1904 | D:2      | Got Plato's Grimoire of Weightlessness
  2148 | D:2      | Slain by a gnoll

Illustrated notes

Levels and vault maps discovered:
D:1:      dpeg_arrival_orchard, layout_basic, serial_forest,
          infiniplex_forest_lined_4_way, infiniplex_forest_zigzag_2,
          infiniplex_forest_end_double, infiniplex_forest_end_2,
          infiniplex_forest_clump_curved, infiniplex_forest_straight_3,
          infiniplex_forest_diagonal, minmay_pentomino_o2
D:2:      layout_loops_cross, shapermc_ecumenical_altar_rom_forum,
          kennysheep_decorative_pillar, grunt_decor_arrowhead,
          mrwooster_statue_mirror, minmay_misc_feat_roman

Skill      XL: |  1  2 |
---------------+-------+-----
Dodging        | 3 |  3.4
Polearms       | 3 |  3.4
Armour         | 1 |  1.8
Fighting       | |  3.8
Stealth        | |  1.7

Action                   |  1- 3 |  4- 6 || total
-------------------------+-------+-------++-------
Melee: Spear             |   123 |    93 ||   216
  Use: Potion            |     3 |       ||     3
       Scroll            |     1 |       ||     1
 Stab: Sleeping          |     3 |       ||     3
Armor: Robe              |    11 |       ||    11
       Scale mail        |    10 |    25 ||    35
Dodge: Dodged            |    40 |    31 ||    71
